 Dungeon Crawl Stone Soup version 0.27.1-2-g3b301248ec (webtiles) character file.

Game seed: 2571440852811257876

79597 ABBCCCDDDD the Blocker (level 15, -26/99 (103) HPs)
             Began as an Octopode Fire Elementalist on Sept 30, 2021.
             Was an Initiate of Gozag.
             Killed from afar by an orc sorcerer (28 damage)
             ... with a bolt of negative energy
             ... while paralysed by an orc sorcerer
             ... on level 2 of the Orcish Mines.
             The game lasted 01:03:17 (34041 turns).

ABBCCCDDDD the Blocker (OpFE)                      Turns: 34041, Time: 01:03:18

HP:   -26/99 (103)  AC:  5    Str: 12      XL:     15   Next: 64%
MP:   27/38         EV:  2    Int: 25 (26) God:    Gozag
Gold: 2467          SH:  0    Dex: 16      Spells: 25/35 levels left

rFire    + . .     SeeInvis +   O - +6 scimitar "Gesiqis" {flame, Str+4 SInv}
rCold    + + +     Faith    .   D - +1 kite shield {rF+}
rNeg     . . .     Spirit   .   j - +2 hat
rPois    .         Reflect  .   r - amulet of magic regeneration
rElec    .         Harm     .   v - ring "Imnenaresi" {rC+++ Will- EV+4 Int+2 Dex-2}
rCorr    .         Rampage  .   g - +4 ring of evasion
Will     +....                  F - +6 ring of dexterity
Stlth    ++++......             H - ring of willpower
HPRegen  0.26/turn              N - ring of magical power
MPRegen  0.51/turn              (no ring)
                                (no ring)
                                (no ring)

@: paralysed, lightly drained
A: almost no armour, amphibious, 8 rings, camouflage 1, gelatinous body 1,
(nimble swimmer 1), tentacles, tentacle spike 1, iridescent scales 1,
deterioration 1
a: Renounce Religion, Potion Petition, Call Merchant, Bribe Branch


You were on level 2 of the Orcish Mines.
You worshipped Gozag.
Gozag was most pleased with you.
You visited 4 branches of the dungeon, and saw 19 of its levels.
You also visited: Sewer and Ice Cave.

You collected 5336 gold pieces.
You spent 456 gold pieces at shops.
You paid 2413 gold pieces to Gozag.

Inventory:

Hand Weapons
 b - a +0 vampiric dagger
 z - a +4 trident
 A - a +5 short sword of venom
 O - the +6 scimitar "Gesiqis" (weapon) {flame, Str+4 SInv}
   (You bought it in a shop on level 1 of the Orcish Mines)

   It burns those it strikes, dealing additional fire damage.
   Big, fiery blades are also staple armaments of hydra-hunters.
   Str:       It affects your strength (+4).
   SInv:      It lets you see invisible.
Missiles
 e - 34 poisoned darts (quivered)
 k - 31 boomerangs
 J - 5 curare-tipped darts
Armour
 j - a +2 hat (worn)
 D - a +1 kite shield of fire resistance (worn)
Jewellery
 g - a +4 ring of evasion (right tentacle)
 m - the amulet "Amoteg" {Regen+ Str+5}
   (You acquired it on level 8 of the Dungeon)

   [amulet of regeneration]

   Str:       It affects your strength (+5).
   Regen:     It increases your rate of health regeneration.
 r - an amulet of magic regeneration (around mantle)
 v - the ring "Imnenaresi" (left tentacle) {rC+++ Will- EV+4 Int+2 Dex-2}
   (You acquired it on level 8 of the Dungeon)

   [ring of evasion]

   EV:        It affects your evasion (+4).
   Int:       It affects your intelligence (+2).
   Dex:       It affects your dexterity (-2).
   rC:        It renders you almost immune to cold.
   Will:      It decreases your willpower.
 y - an amulet of the acrobat
 F - a +6 ring of dexterity (on tentacle)
 G - a ring of ice
 H - a ring of willpower (on tentacle)
 N - a ring of magical power (on tentacle)
Wands
 E - a wand of flame (82)
 K - a wand of iceblast (10)
 M - a wand of acid (11)
Scrolls
 a - 3 scrolls of fog
 c - 3 scrolls of amnesia
 l - 3 scrolls of noise
 o - a scroll of enchant armour
 p - 2 scrolls of enchant weapon
 q - 3 scrolls of blinking
 t - a scroll of fear
 u - a scroll of teleportation
 C - a scroll of brand weapon
 L - 3 scrolls of identify
Potions
 f - 3 potions of might
 h - a potion of magic
 i - a potion of resistance
 n - 4 potions of lignification
 s - 3 potions of flight
 w - 6 potions of heal wounds
 x - 9 potions of ambrosia
 B - a potion of curing
 I - a potion of brilliance
Miscellaneous
 d - a phantom mirror


   Skills:
 + Level 9.8 Fighting
 - Level 3.0(3.3) Short Blades
 + Level 2.0(2.8) Long Blades
 - Level 3.8 Dodging
 - Level 6.0 Stealth
 - Level 14.7 Shields
 + Level 10.9 Spellcasting
 - Level 9.4 Conjurations
 - Level 9.8 Fire Magic
 + Level 6.7 Evocations


You had 25 spell levels left.
You knew the following spells:

 Your Spells              Type           Power      Damage    Failure   Level
a - Foxfire               Conj/Fire      100%       2x1d9     1%          1
b - Sticky Flame          Conj/Fire      58%        2d7       1%          4
c - Fireball              Conj/Fire      29%        3d13      2%          5

Your spell library contained the following spells:

 Spells                   Type           Power      Damage    Failure   Level
 Shock                    Conj/Air       100%       1d9       1%          1
 Conjure Flame            Conj/Fire      58%        6-21      1%          3
 Inner Flame              Hex/Fire       38%        N/A       1%          3
 Animate Skeleton         Necr           26%        N/A       4%          1
 Pain                     Necr           52%        1d6       4%          1
 Sandblast                Erth           26%        2d8       4%          1
 Hailstorm                Conj/Ice       37%        3d9       6%          4
 Passwall                 Tmut/Erth      10%        N/A       7%          2
 Sublimation of Blood     Necr           6%         N/A       7%          2
 Wereblood                Tmut           13%        N/A       7%          2
 Swiftness                Air            13%        N/A       14%         3
 Vampiric Draining        Necr           6%         2d6       14%         3
 Airstrike                Air            6%         N/A       41%         4
 Ice Form                 Ice/Tmut       13%        N/A       41%         4
 Lee's Rapid Deconstruct  Erth           6%         3d7*      77%         5
 Summon Forest            Summ/Tloc      6%         N/A       77%         5
 Summon Mana Viper        Hex/Summ       13%        N/A       77%         5
 Shadow Creatures         Summ           N/A        N/A       100%        6
 Simulacrum               Ice/Necr       6%         N/A       100%        6
 Summon Hydra             Summ           6%         N/A       100%        7


Dungeon Overview and Level Annotations

Branches:
Dungeon (10/15)            Temple (1/1) D:4            Lair (6/6) D:10
 Shoals (0/4) Lair:4       Spider (0/4) Lair:4        Slime (0/5) Lair:5
    Orc (2/2) D:9             Elf (0/3) Orc:2         Sewer (visited)
  IceCv (visited)

Altars:
Ashenzari
Dithmenos
Elyvilon
Gozag
Hepliaklqana
Kikubaaqudgha
Nemelex Xobeh
Okawaru
Qazlal
Ru
Sif Muna
Trog
Vehumet
Xom
Yredelemnul
Zin
The Shining One
Beogh
Jiyva

Shops:
Orc:1 (   Lair:1 :[=

Annotations:
D:4 Eustachio
D:5 2 transporters, 1 runed translucent door, MajorAdolf's ghost, novice NaFi
D:7 2 transporters, 1 runed translucent door, monk26's ghost, novice OpCj
D:10 exclusion: orange crystal statue
Lair:3 1 runed translucent door
Lair:4 Urug


Innate Abilities, Weirdness & Mutations

You cannot wear most types of armour.
You are amphibious.
You can wear up to eight rings at the same time.
Your skin changes colour to match your surroundings (Stealth+).
Your rubbery body absorbs attacks. (AC +1, EV +1)
((You are camouflaged near water. (Stealth+)))
You have tentacles for arms and can constrict up to eight enemies at once.
One of your tentacles bears a spike.
You are partially covered in iridescent scales. (AC +2)
Your body sometimes deteriorates upon taking damage.


Message History

Aiming: Sticky Flame (mildly dangerous; 1% risk of failure)
Press: ? - help, Shift-Dir - straight line, f - orc sorcerer
Aim: an orc sorcerer, wielding a +0 dagger and wearing a +2 robe of willpower (ally target, 100% to hit)
The sticky flame hits the orc sorcerer but does no damage.
The orc sorcerer is covered in liquid flames!
The orc sorcerer burns!
The foxfire hits the orc sorcerer but does no damage.
The orc sorcerer is lightly wounded.
The foxfire hits the orc sorcerer.
The orc sorcerer is moderately wounded.
The foxfire hits the orc sorcerer.
The orc sorcerer is moderately wounded.
An orc sorcerer comes into view. It is wielding a +0 dagger.
The orc sorcerer casts a spell at you.
You suddenly lose the ability to move!
The orc sorcerer burns!
The orc sorcerer hits you with a +0 dagger.
The orc sorcerer burns!
The orc sorcerer mumbles some strange words.
The orc sorcerer shouts!
You hear a shout!
The orc sorcerer burns!
The orc sorcerer stops burning.
The sixfirhy hits you! The sixfirhy shocks you!
The orc sorcerer hits you with a +0 dagger.
The sixfirhy hits you! The sixfirhy shocks you!
An orc wizard comes into view. It is wielding a +0 dagger.
The sixfirhy hits you! The sixfirhy shocks you! The sixfirhy hits you.
* * * LOW HITPOINT WARNING * * *
The sixfirhy shocks you!
* * * LOW HITPOINT WARNING * * *
Your body deteriorates!
You feel dopey. The sixfirhy hits you.
* * * LOW HITPOINT WARNING * * *
The sixfirhy shocks you!
* * * LOW HITPOINT WARNING * * *
The orc sorcerer gestures at you while chanting.
The bolt of negative energy hits the sixfirhy.
The sixfirhy completely resists.
The bolt of negative energy hits you!!
You feel drained.
You die...
Your body crumbles into a pile of gold.

..§§... ...≈≈$≈ ..8.≈≈≈
##### .....8o ##≈≈≈#
#..$..$ ##...≈≈## #.....
##..8###§##
.###''o###....._#§≈#
...$§.3@§.......#.≈#
...o§§§§§$......8.≈#
..≈≈§§§§§.$.......#
..≈#####≈§..$....### ..
#...###'#)#§# ≈
.....≈##.$...§#
.....≈##..8..≈#
.8..8.≈##≈.$..≈####
##############≈...≈§≈##.#


You could see a sixfirhy (summoned), 2 orc sorcerers and an orc wizard.

Levels and vault maps discovered:
D:1:      tarquinn_simple_flora_water_f, layout_basic, lemuel_old_faithful
D:2:      kb_forest_paths, layout_basic, chequers_ecumenical_altar_simple,
          serial_curves, eino_curves_03, eino_curves_04, eino_curves_04,
          eino_curves_03, minmay_box_of_dots
D:3:      layout_loops_ring, mainiacjoe_overflow_chevrons,
          nemelex_diamond_rough_becter, chequers_serial_rivers_micro_c
D:4:      layout_basic, minmay_temple_entry_ruins, uniq_eustachio
D:5:      layout_loops_corners, dk_yredelemnul_ordeal,
          gammafunk_ghost_stat_death, nrook_loot_triangle
D:6:      layout_cave_pools, cheibrodos_sewer_entry_drain, corexii_checkpoint_b,
          hangedman_decor_clover_reticule, minmay_gold_behind_fungi
D:7:      layout_basic, gammafunk_ghost_wrathful_warriors,
          lightli_church_of_beogh
D:8:      layout_basic, minmay_overflow_temple_star_hex, minmay_misc_feat_five
D:9:      layout_gridville, orc_0_dummy
D:10:     layout_irregular_city, okawaru_altar_gauntlet_db, lair_entry_dummy,
          minmay_tree_intersection, serial_park_tiny_pond,
          minmay_protected_statue
Temple:   nicolae_temple_figure_eight
Lair:1:   layout_cave_pods, special_room [special_room_bee], uniq_maggie
Lair:2:   layout_small_grid
Lair:3:   gammafunk_indiana_jones, layout_gridlike,
          portal_ice_cave_entry_pillars_1, nicolae_volcano_entry_batcave,
          gammafunk_lair_bear_cave
Lair:4:   layout_gridlike, minmay_shoals_entry_lonely_mermaid,
          spider_nest_entry_rubble, grunt_megastairs_5, uniq_sonja, uniq_urug
Lair:5:   layout_loops_ring, slime_altar_1, grunt_megastairs_4,
          infiniplex_staircase_pool, uniq_josephine
Lair:6:   evil_forest, layout_long_grid, st_stairs_5
Orc:1:    layout_caves, serial_shops, nicolae_diamond_shop
Orc:2:    kennysheep_orc_mage_school, layout_caves, mines1_david

Notes
Turn   | Place    | Note
-------+----------+-------------------------------------------
     0 | D:1      | ABBCCCDDDD the Octopode Fire Elementalist began the quest
                  | for the Orb.
     0 | D:1      | Reached XP level 1. HP: 11/11 MP: 3/3
   718 | D:1      | Reached XP level 2. HP: 18/18 MP: 0/5
  1020 | D:1      | Reached skill level 1 in Fighting
  1654 | D:1      | Reached XP level 3. HP: 16/23 MP: 0/6
  2267 | D:2      | Found a faded altar of an unknown god.
  2404 | D:2      | Reached skill level 1 in Short Blades
  2677 | D:2      | Reached XP level 4. HP: 28/28 MP: 2/7
  3214 | D:2      | Reached XP level 5. HP: 7/34 MP: 3/8
  4319 | D:3      | Noticed a necrophage
  4326 | D:3      | Killed a necrophage
  4327 | D:3      | Reached XP level 6. HP: 41/41 MP: 2/9
  4388 | D:3      | Found a shadowy altar of Dithmenos.
  4838 | D:3      | Found a sparkling altar of Nemelex Xobeh.
  6158 | D:4      | Reached XP level 7. HP: 47/47 MP: 3/10
  6275 | D:4      | Learned a level 4 spell: Sticky Flame
  6677 | D:4      | Found a staircase to the Ecumenical Temple.
  6721 | Temple   | Entered the Ecumenical Temple
  6871 | Temple   | Became a worshipper of Gozag Ym Sagoz the Greedy
  6918 | D:4      | Noticed Eustachio
  7072 | D:4      | Reached skill level 5 in Fire Magic
  7346 | D:5      | Entered Level 5 of the Dungeon
  7559 | D:5      | Found a transporter.
  7565 | D:5      | Noticed MajorAdolf's ghost (novice NaFi)
  7582 | D:5      | Found a transporter.
  8070 | D:5      | Found a runed translucent door.
  8070 | D:5      | Noticed a human
  8080 | D:5      | Found a basalt altar of Yredelemnul.
  8308 | D:5      | Reached XP level 8. HP: 54/54 MP: 6/11
  8576 | D:5      | Gained mutation: Your muscles are strong. (Str +2) [potion
                  | of mutation]
  8576 | D:5      | Gained mutation: Your body sometimes deteriorates upon
                  | taking damage. [potion of mutation]
  8576 | D:5      | Gained mutation: One of your tentacles bears a spike.
                  | [potion of mutation]
  8576 | D:5      | Gained mutation: You are partially covered in iridescent
                  | scales. (AC +2) [potion of mutation]
  9078 | D:6      | Reached skill level 5 in Conjurations
  9297 | D:6      | Found a glowing drain.
  9325 | Sewer    | Entered a sewer
  9376 | Sewer    | Reached skill level 5 in Fighting
  9500 | Sewer    | Noticed Purgy
  9509 | Sewer    | Killed Purgy
  9657 | D:6      | Reached skill level 5 in Stealth
  9767 | D:6      | Reached skill level 1 in Evocations
 10443 | D:7      | Reached XP level 9. HP: 36/61 MP: 6/13
 10718 | D:7      | You fall into a shaft and drop 3 floors!
 10718 | D:10     | Entered Level 10 of the Dungeon
 11199 | D:7      | Noticed a moth of wrath
 11200 | D:7      | Found a transporter.
 11201 | D:7      | Noticed a tengu warrior
 11203 | D:7      | Noticed monk26's ghost (novice OpCj)
 11204 | D:7      | Found a bloodstained altar of Trog.
 11219 | D:7      | Found a transporter.
 11543 | D:7      | Found a runed translucent door.
 12583 | D:8      | Identified a scroll of acquirement
 12584 | D:8      | Acquired the amulet "Amoteg" {Regen+ Str+5}
 12900 | D:8      | Found a glowing golden altar of the Shining One.
 12905 | D:8      | Found a glowing silver altar of Zin.
 12914 | D:8      | Found a shimmering altar of Xom.
 12921 | D:8      | Found a broken altar of Ashenzari.
 12982 | D:8      | Acquired the ring "Imnenaresi" {rC+++ Will- EV+4 Int+2
                  | Dex-2}
 13047 | D:8      | Learned a level 5 spell: Fireball
 13157 | D:8      | Found a stormy altar of Qazlal.
 13717 | D:9      | Found a staircase to the Orcish Mines.
 14497 | D:9      | Reached XP level 10. HP: 68/68 MP: 6/16
 14816 | D:9      | Reached skill level 5 in Evocations
 15247 | D:10     | Noticed a two-headed ogre
 15863 | D:10     | Killed a two-headed ogre
 16164 | D:10     | Found a staircase to the Lair.
 17006 | D:10     | Noticed a two-headed ogre
 17033 | D:10     | Noticed an orange crystal statue
 17036 | D:10     | Noticed a kobold demonologist
 17036 | D:10     | Noticed a tengu warrior
 17172 | D:10     | Killed a two-headed ogre
 17173 | D:10     | Reached XP level 11. HP: 72/72 MP: 2/17
 17497 | D:10     | Found an iron altar of Okawaru.
 17736 | Lair:1   | Entered Level 1 of the Lair of Beasts
 18630 | Lair:1   | Bought a +1 kite shield of fire resistance for 231 gold
                  | pieces
 18814 | Lair:1   | Noticed Maggie
 18980 | Lair:1   | Noticed a six-headed hydra
 19015 | Lair:1   | Killed a six-headed hydra
 19016 | Lair:1   | Reached skill level 2 in Shields
 19279 | Lair:1   | Reached skill level 3 in Shields
 19993 | Lair:1   | Reached skill level 5 in Spellcasting
 20071 | Lair:1   | Reached skill level 4 in Shields
 20210 | Lair:1   | Killed Maggie
 20911 | Lair:2   | Reached XP level 12. HP: 83/83 MP: 9/20
 21221 | Lair:2   | Reached skill level 5 in Shields
 21254 | Lair:2   | Reached skill level 9 in Shields
 21254 | Lair:2   | Reached XP level 13. HP: 89/89 MP: 22/22
 21255 | Lair:2   | Reached skill level 12 in Shields
 21255 | Lair:2   | Reached XP level 14. HP: 95/95 MP: 23/23
 21607 | Lair:3   | Found a frozen archway.
 21616 | IceCv    | Entered an ice cave
 22369 | IceCv    | Noticed a reaper
 22415 | IceCv    | Killed a reaper
 23601 | Lair:3   | Found a runed translucent door.
 23747 | Lair:3   | Reached skill level 13 in Shields
 24541 | Lair:4   | Noticed Urug
 24630 | Lair:4   | Noticed Sonja
 24634 | Lair:4   | Killed Sonja
 24970 | Lair:4   | Found a staircase to the Shoals.
 25012 | Lair:4   | Found a hole to the Spider Nest.
 25383 | Lair:5   | Found a viscous altar of Jiyva.
 25384 | Lair:5   | Found a staircase to the Slime Pits.
 25556 | Lair:5   | Noticed Josephine
 25775 | Lair:5   | Killed Josephine
 26869 | Lair:5   | Reached skill level 14 in Shields
 27433 | Lair:6   | Entered Level 6 of the Lair of Beasts
 27899 | Lair:5   | Reached XP level 15. HP: 50/101 MP: 6/28
 29064 | Lair:2   | Reached skill level 10 in Spellcasting
 30497 | Orc:1    | Entered Level 1 of the Orcish Mines
 31501 | Orc:2    | Entered Level 2 of the Orcish Mines
 32607 | Orc:2    | Lost mutation: Your muscles are strong. (Str +2) [a
                  | neqoxec]
 32910 | Orc:2    | Found a staircase to the Elven Halls.
 32913 | Orc:1    | Found Cofuit's Antique Weapon Shoppe.
 33077 | Orc:1    | Bought a polished scimitar for 225 gold pieces
 33077 | Orc:1    | Identified the +6 scimitar "Gesiqis" {flame, Str+4 SInv}
                  | (You bought it in a shop on level 1 of the Orcish Mines)
 33594 | Orc:2    | Reached skill level 1 in Long Blades
 33948 | Orc:2    | Found a radiant altar of Vehumet.
 34037 | Orc:2    | Paralysed by an orc sorcerer for 7 turns
 34041 | Orc:2    | HP: 2/103 [sixfirhy[an orc sorcerer] (12)]
 34041 | Orc:2    | Killed from afar by an orc sorcerer

Table legend: (Time is in decaauts)
 A = Elapsed time spent in this place.
 B = Non-inter-level travel time spent in this place.
 C = Inter-level travel time spent in this place.
 D = Time resting spent in this place.
 E = Time spent auto-exploring this place.
 F = Levels seen in this place.
 G = Mean time per level.
                   A        B        C        D        E       F      G
               +--------+--------+--------+--------+--------+-----+--------+
         Total |  34068 |  32607 |   1461 |  15887 |  10639 |  21 | 1622.3 |
       Dungeon |  18674 |  17723 |    951 |   9077 |   6001 |  10 | 1867.4 |
        Temple |    170 |    140 |     30 |      0 |    138 |   1 |  170.0 |
          Lair |   9881 |   9477 |    404 |   3811 |   3638 |   6 | 1646.8 |
  Orcish Mines |   3548 |   3473 |     75 |   2120 |    459 |   2 | 1774.0 |
         Sewer |    263 |    263 |      0 |     18 |    184 |   1 |  263.0 |
      Ice Cave |   1529 |   1529 |      0 |    861 |    219 |   1 | 1529.0 |
               +--------+--------+--------+--------+--------+-----+--------+

Top non-repeatable levels by time:
    D:10: 3082 daAuts
  Lair:5: 2826 daAuts
  Lair:1: 2508 daAuts
     D:1: 2266 daAuts
     D:9: 2183 daAuts
     D:3: 1945 daAuts
     D:2: 1928 daAuts
   Orc:2: 1922 daAuts
     D:8: 1858 daAuts
     D:5: 1853 daAuts
   Orc:1: 1626 daAuts
   IceCv: 1529 daAuts
  Lair:2: 1445 daAuts
     D:7: 1383 daAuts
  Lair:3: 1339 daAuts

Table legend:
 A = Kills in this place as a percentage of kills in entire the game.
 B = Kills by you in this place as a percentage of kills by you in the entire game.
 C = Kills by friends in this place as a percentage of kills by friends in the entire game.
 D = Other kills in this place as a percentage of other kills in the entire game.
 E = Experience gained in this place as a percentage of experience gained in the entire game.
 F = Experience gained in this place divided by the number of levels of this place that you have seen.
                   A       B       C       D       E      F
               +-------+-------+-------+-------+-------+----------------------
         Total | 100.0 | 100.0 |   N/A |   N/A | 100.0 | 3631.9
       Dungeon |  42.4 |  42.4 |   N/A |   N/A |  14.0 | 1068.9
          Lair |  26.6 |  26.6 |   N/A |   N/A |  56.6 | 7196.2
  Orcish Mines |  24.3 |  24.3 |   N/A |   N/A |  20.6 | 7842.5
         Sewer |   1.0 |   1.0 |   N/A |   N/A |   0.2 | 148.0
      Ice Cave |   5.7 |   5.7 |   N/A |   N/A |   8.6 | 6570.0
               +-------+-------+-------+-------+-------+----------------------

Action                   |  1- 3 |  4- 6 |  7- 9 | 10-12 | 13-15 || total
-------------------------+-------+-------+-------+-------+-------++-------
Melee: Unarmed           |     1 |       |       |       |       ||     1
       Dagger            |    14 |    41 |    65 |       |       ||   120
       Constrict         |     6 |     8 |     7 |     8 |    20 ||    49
       Tentacles         |     4 |     9 |    20 |    15 |    21 ||    69
       Kick              |       |       |     7 |    18 |    32 ||    57
       Short sword       |       |       |     6 |    67 |    87 ||   160
       Scimitar          |       |       |       |       |     4 ||     4
Throw: Dart              |       |       |       |     3 |     8 ||    11
 Cast: Foxfire           |    78 |   116 |   366 |   171 |   319 ||  1050
       Sticky Flame      |       |       |     4 |    23 |    70 ||    97
       Fireball          |       |       |       |    30 |   231 ||   261
Invok: Call Merchant     |       |       |       |     2 |     1 ||     3
Evoke: Wand              |       |       |     3 |     8 |       ||    11
       Phantom mirror    |       |       |       |     1 |       ||     1
  Use: Scroll            |       |     2 |    11 |     6 |     4 ||    23
       Potion            |       |       |    14 |     1 |     1 ||    16
 Stab: Sleeping          |     3 |     8 |     1 |     1 |     3 ||    16
       Distracted        |       |       |       |       |     2 ||     2
Armor: Skin              |     7 |     3 |    32 |    13 |     7 ||    62
Dodge: Dodged            |    28 |    28 |   137 |   159 |    89 ||   441
Block: Kite shield       |       |       |       |       |   127 ||   127

Vanquished Creatures
  A reaper (IceCv)
  Josephine (Lair:5)
  An ettin (Orc:1)
  3 ogre magi (Orc:2)
  3 hydras
  3 two-headed ogres
  13 death yaks
  An orc high priest (Orc:1)
  Sonja (Lair:4)
  2 orc knights (Orc:2)
  6 orc sorcerers (Orc:2)
  5 black mambas
  A merfolk siren (Lair:4)
  2 ice statues (IceCv)
  A torpor snail (Lair:5)
  Maggie (Lair:1)
  12 cane toads
  9 komodo dragons
  2 rime drakes (Lair:4)
  A freezing wraith (IceCv)
  2 entropy weaver simulacra (IceCv)
  7 ice devils (IceCv)
  2 trolls (Orc:1)
  A queen bee (Lair:1)
  2 polar bears (Lair:3)
  5 blink frogs
  9 dream sheep
  A redback (Lair:4)
  3 wraiths (Lair:5)
  3 fire bats (Lair:3)
  A shadow (D:10)
  2 dire elephant simulacra (IceCv)
  4 wyverns
  31 yaks
  3 basilisks
  2 steam dragons
  8 water moccasins
  23 orc warriors
  3 black bears
  Purgy (Sewer)
  An ice beast (D:8)
  2 necrophages
  7 ogres
  6 wolves (Lair:1)
  2 centaurs (D:5)
  A kobold brigand (D:9)
  10 bullfrogs
  A two-headed ogre simulacrum (IceCv)
  A water moccasin zombie (D:5)
  2 water moccasin skeletons
  3 elephant simulacra (IceCv)
  26 killer bees
  9 wights
  5 howler monkeys
  2 electric eels (Lair:5)
  A bullfrog zombie (D:6)
  A human zombie (D:5)
  A hound (D:4)
  7 centaur zombies
  A centaur skeleton (D:5)
  10 orc priests
  3 jellies
  A gnoll shaman (D:7)
  2 iguanas
  31 orc wizards
  2 polar bear simulacra (IceCv)
  A troll simulacrum (IceCv)
  3 spriggan simulacra (IceCv)
  A killer bee zombie (D:8)
  A hound skeleton (D:4)
  A howler monkey zombie (D:7)
  13 gnolls
  12 adders
  2 white imps
  7 ufetubi
  4 worms
  A dart slug (D:4)
  75 orcs
  11 endoplasms
  5 giant cockroaches
  9 goblins
  12 hobgoblins
  9 jackals
  4 quokkas
  4 ball pythons
  6 bats
  4 frilled lizards
  A jackal zombie (D:5)
  12 kobolds
  8 rats
526 creatures vanquished.

Vanquished Creatures (collateral kills)
  4 foxfires
4 creatures vanquished.

Vanquished Creatures (others)
  A white imp (IceCv)
  An ufetubus (IceCv)
  A ball python (D:1)
  A rat (D:1)
  1772 foxfires
  37 fungi
  47 plants
  3 toadstools (D:6)
1863 creatures vanquished.

Grand Total: 2393 creatures vanquished
